 Dungeon Crawl Stone Soup version 0.16.0-8-gd9ae3a8 (webtiles) character file.

239 Herrn the Skirmisher (level 6, 0/39 HPs)
             Began as a Gargoyle Fighter on Mar 16, 2015.
             Slain by a gnoll
             ... wielding a +0 halberd
              (2 damage)
             ... on level 4 of the Dungeon.
             The game lasted 00:05:44 (2021 turns).

Herrn the Skirmisher (Gargoyle Fighter)             Turns: 2021, Time: 00:05:44

Health: 0/39       AC: 13    Str: 21    XL:     6   Next: 7%
Magic:  6/6        EV:  8    Int:  9    God:
Gold:   141        SH:  9    Dex:  9    Spells: 0 memorised, 5 levels left

rFire  . . .     SeeInvis +     a - +0 war axe
rCold  . . .     Clarity  .     b - +0 scale mail
rNeg   + . .     SustAb   .     c - +0 shield
rPois  ∞         Gourm    .     (no helmet)
rElec  +         Spirit   .     e - +1 cloak
rCorr  .         Warding  .     (no gloves)
rMut   .         Stasis   .     (no boots)
MR     +....                    (no amulet)
Stlth  ..........               o - ring of protection from magic
                                k - ring of see invisible

@: somewhat resistant to hostile enchantments, extremely unstealthy
A: negative energy resistance 1, electricity resistance, unbreathing,
petrification resistance, rot immunity, AC +4
a: no special abilities


You were on level 4 of the Dungeon.
You were very hungry.

You visited 1 branch of the dungeon, and saw 4 of its levels.

You collected 141 gold pieces.

Inventory:

Hand weapons
 a - a +0 war axe (weapon)
 w - a +2 hand axe of freezing
Armour
 b - a +0 scale mail (worn)
 c - a +0 shield (worn)
 e - a +1 cloak (worn)
Jewellery
 k - a ring of see invisible (left hand)
 o - a ring of protection from magic (right hand)
Magical devices
 t - a wand of teleportation (4)
Scrolls
 f - 3 scrolls of identify {unknown}
 i - a scroll of amnesia {unknown}
 j - 3 scrolls of remove curse {unknown}
 l - 2 scrolls of immolation {unknown}
 n - a scroll of noise {unknown}
 s - a scroll of enchant armour {unknown}
 u - a scroll of random uselessness {unknown}
 v - a scroll of enchant weapon {unknown}
Potions
 g - 2 potions of curing
 m - a potion of beneficial mutation {unknown}
 p - a potion of agility {unknown}
 x - 2 potions of brilliance {unknown}
Comestibles
 d - 2 bread rations
 h - 2 slices of pizza
 q - a meat ration


   Skills:
 * Level 4.6 Fighting
 * Level 3.3 Axes
 + Level 4.1 Armour
 + Level 1.4 Dodging
 + Level 4.1 Shields


You had 5 spell levels left.
You didn't know any spells.

Dungeon Overview and Level Annotations

Branches:
Dungeon (4/15)
 Temple: D:4-7

Altars:
Qazlal
Ru
The Shining One


Innate Abilities, Weirdness & Mutations

You are resistant to torment.
You are immune to poison.
Your stone body is very resilient (AC +4).
You resist negative energy.
You are resistant to electric shocks.
You can survive without breathing.
You are immune to petrification.
You are immune to rotting.


Message History

The orc closely misses you.
You barely miss the orc.
The orc is heavily wounded.
The gnoll closely misses you. The orc closely misses you.
You hit the orc!
You kill the orc!
The gnoll closely misses you. The gnoll hits you with a halberd!
Items here: )) [[ †† You hit the gnoll.
The gnoll is lightly wounded.
The gnoll hits you with a halberd.
* * * LOW HITPOINT WARNING * * *
You barely miss the gnoll.
The gnoll is lightly wounded.
You hear the slow hiss of a very distant avalanche of sand.
The gnoll hits you with a halberd!
* * * LOW HITPOINT WARNING * * *
You hit the gnoll but do no damage. The gnoll hits you with a halberd.
You die...

###.#.#......>#
#..<#.#.......#
#.#.#.#.......# #
#.#.#o^.!...#
#%#.#.......# ####
#†#.#.....#.#
......#.#.#.......#
#####....##....###.
.........[)@g.......#
#####....##########
#....# #....# ######


You could see a gnoll.

Vanquished Creatures
  Sigmund (D:3)
  An adder (D:2)
  7 gnolls
  12 orcs
  2 ball pythons
  12 bats
  9 goblins
  8 hobgoblins
  6 jackals
  7 kobolds
  A quokka (D:3)
  4 giant cockroaches
  A giant gecko (D:1)
  A giant newt (D:2)
  9 rats
  A fungus (D:2)
82 creatures vanquished.

Notes
Turn   | Place    | Note
--------------------------------------------------------------
     0 | D:1      | Herrn, the Gargoyle Fighter, began the quest for the Orb.
     0 | D:1      | Reached XP level 1. HP: 14/14 MP: 1/1
   188 | D:1      | Reached XP level 2. HP: 13/19 MP: 2/2
   240 | D:1      | Reached XP level 3. HP: 15/24 MP: 3/3
   862 | D:2      | Found a sacrificial altar of Ru.
  1059 | D:2      | Reached XP level 4. HP: 21/29 MP: 4/4
  1062 | D:2      | Reached skill level 4 in Fighting
  1088 | D:2      | Found a glowing golden altar of the Shining One.
  1421 | D:3      | Found a stormy altar of Qazlal.
  1435 | D:3      | Reached skill level 1 in Dodging
  1675 | D:3      | Noticed Sigmund
  1706 | D:3      | Reached XP level 5. HP: 30/33 MP: 5/5
  1707 | D:3      | Killed Sigmund
  1993 | D:4      | Reached XP level 6. HP: 39/39 MP: 6/6
  2021 | D:4      | Slain by a gnoll

Action                   |  1- 3 |  4- 6 || total
-------------------------+-------+-------++-------
Melee: War axe           |   136 |   110 ||   246
  Use: Potion            |       |     3 ||     3
  Eat: Chunk             |       |     3 ||     3
